[Event "Late-Titled-Tuesday-Blitz-March-05-2024"]
[Site "Chess.com"]
[Date "2024.03.05"]
[Round "9"]
[White "NCchamp"]
[Black "GilbertoHernandezAmura"]
[Result "0-1"]
[WhiteElo "2329"]
[BlackElo "2461"]
[TimeControl "180+1"]
[EndTime "15:39:46 PST"]
[Termination "GilbertoHernandezAmura won by checkmate"]

1. d4 Nf6 2. Bg5 c5 3. d5 Ne4 4. Bf4 d6 5. f3 Nf6 6. c4 g6 7.
Nc3 Bg7 8. e4 Qa5 9. Bd3 Nbd7 10. Ne2 h5 11. O-O h4 12. a3 Nh5 13. Be3 Ne5 14. Rb1 h3 15. g3 Qd8 16. b4 b6 17.
a4 cxb4 18. Rxb4 O-O 19. Bd4 e6 20. f4 Ng4 21. Bxg7 Kxg7 22. Qc1 Qc7 23. Nb5 Qc5+ 24. Kh1 Qxb4 25. f5 exf5 26. exf5 Qc5 27. fxg6 Nf2+ 28.
Rxf2 Qxf2 29. Qg5 Qg2# 0-1

[Event "Late-Titled-Tuesday-Blitz-March-05-2024"]
[Site "Chess.com"]
[Date "2024.03.05"]
[Round "9"]
[White "Veleamater"]
[Black "Eloist"]
[Result "0-1"]
[WhiteElo "2321"]
[BlackElo "2440"]
[TimeControl "180+1"]
[EndTime "15:39:46 PST"]
[Termination "Eloist won by resignation"]

1. g3 e5 2. Bg2 Nf6 3. d3 d5 4.
Nf3 Bd6 5. O-O O-O 6. Nc3 c6 7. e4 d4 8. Ne2 c5 9. h3 Nc6 10.
Ne1 Ne8 11. f4 f5 12. exf5 exf4 13. g4 Nc7 14. Bxf4 Bxf4 15. Nxf4 Qd6 16. Qd2 Bd7 17.
Nf3 g6 18. fxg6 Qxf4 19. gxh7+ Kh8 20. Qxf4 Rxf4 21. Ng5 Raf8 22. Rxf4 Rxf4 23. Re1 Rf6 24. Be4 Ne6 25. Nxe6 Rxe6 26. Kg2 Nb4 27. Rf1 Re8 28.
c3 Nc2 29. Rf7 Bc6 30. Bxc6 bxc6 31. g5 Ne1+ 32. Kg3 Nxd3 33. cxd4 cxd4 34. Rd7 c5 35. h4 Re3+ 36. Kg2 Nf4+ 37. Kf2 Rh3 38. Rf7 Nd3+ 39.
Kg2 Rxh4 40. Kg3 Rh1 41. Kg2 Rh5 42. Rf5 Kxh7 43. b3 Kg6 44. Rf3 Ne1+ 45. Kg3 Nxf3 0-1

[Event "Late-Titled-Tuesday-Blitz-March-05-2024"]
[Site "Chess.com"]
[Date "2024.03.05"]
[Round "9"]
[White "kai_nov"]
[Black "LangesNasenhaar"]
[Result "1-0"]
[WhiteElo "2391"]
[BlackElo "2518"]
[TimeControl "180+1"]
[EndTime "15:39:51 PST"]
[Termination "kai_nov won by resignation"]

1. d4 g6 2. c4 Bg7 3. Nc3 c5 4. d5 Bxc3+ 5. bxc3 f5 6. e4 fxe4 7. f3 e5 8. Qc2 d6 9. fxe4 Nf6 10. Bd3 O-O 11.
Nf3 Bg4 12. O-O Bxf3 13. Rxf3 Nh5 14. Rxf8+ Qxf8 15. Rb1 b6 16. Bg5 h6 17. Rf1 Qg7 18. Qa4 Nd7 19. Be3 Nf4 20. Bc2 Qe7 21. g3 Nh3+ 22.
Kg2 Ng5 23. h4 Nf7 24. Bd1 Nf6 25. Bf3 Rf8 26. Qc6 Qd7 27. Qxd7 Nxd7 28. Bg4 Rd8 29. Be6 Rf8 30. Bxd7 Kg7 31. Be6 Nd8 32. Rxf8 1-0

[Event "Late-Titled-Tuesday-Blitz-March-05-2024"]
[Site "Chess.com"]
[Date "2024.03.05"]
[Round "9"]
[White "Ducke13"]
[Black "GlavkonVVS"]
[Result "0-1"]
[WhiteElo "2390"]
[BlackElo "2550"]
[TimeControl "180+1"]
[EndTime "15:39:53 PST"]
[Termination "GlavkonVVS won on time"]

1. Nf3 Nf6 2. c4 c5 3. Nc3 Nc6 4. g3 d6 5. Bg2 e6 6. O-O Be7 7. d4 cxd4 8. Nxd4 Bd7 9. Nc2 a6 10. b3 O-O 11. Bb2 Rc8 12. Qd2 Qc7 13. Rad1 Rfd8 14.
e4 Qb8 15. Qc1 b5 16. cxb5 axb5 17. Qa1 b4 18. Ne2 Ne5 19. Ne3 Bb5 20. Rd2 Nd3 21. Bd4 e5 22. Bb2 Bf8 23. Rfd1 Nxb2 24. Qxb2 Qa8 25. Nf5 Bxe2 26. Rxe2 g6 27. Ne3 Rc3 28. Nc4 Rc8 29. a3 Qb8 30. axb4 Qxb4 31. Qd2 Qxb3 32. Nxd6 Rd8 33. Qa2 Qxd1+ 34. Bf1 Rxd6 0-1

[Event "Late-Titled-Tuesday-Blitz-March-05-2024"]
[Site "Chess.com"]
[Date "2024.03.05"]
[Round "9"]
[White "ritanovikova"]
[Black "Burgsvik"]
[Result "0-1"]
[WhiteElo "2210"]
[BlackElo "2367"]
[TimeControl "180+1"]
[EndTime "15:39:53 PST"]
[Termination "Burgsvik won by resignation"]

1. e4 c5 2. Nc3 Nc6 3. d3 d6 4. Be3 g6 5. Qd2 Bg7 6. g3 h5 7. h4 Bg4 8. f3 Bd7 9. Bg2 Rb8 10.
Nge2 b5 11. Nd1 a5 12. O-O a4 13. a3 Qc8 14. Kh2 Nf6 15. Rb1 Ne5 16. b3 b4 17.
axb4 Rxb4 18. Ndc3 axb3 19. Rxb3 Rxb3 20. cxb3 Qb8 21.
Ra1 O-O 22. Qc2 Be6 23. Ra3 Qb4 24. Qa2 Nfg4+ 25. fxg4 Nxg4+ 26. Kh1 Bxc3 27. Bg1 Be5 28. Ra8 Qe1 29. Rxf8+ Kxf8 30. Bf3 Nf2+ 31. Kg2 Nxd3 32. Be3 Kg7 33. Qa7 Bg4 34. Qxe7 Bxf3+ 35. Kxf3 Qf1+ 0-1

[Event "Late-Titled-Tuesday-Blitz-March-05-2024"]
[Site "Chess.com"]
[Date "2024.03.05"]
[Round "9"]
[White "Msb2"]
[Black "SchmakAttack"]
[Result "1-0"]
[WhiteElo "2996"]
[BlackElo "2819"]
[TimeControl "180+1"]
[EndTime "15:39:55 PST"]
[Termination "Msb2 won by resignation"]

1. d4 Nf6 2. c4 e6 3. Nc3 Bb4 4. e3 b6 5. Bd3 c5 6. Nf3 O-O 7.
Bd2 cxd4 8. exd4 d5 9. cxd5 exd5 10. O-O Bg4 11. h3 Bh5 12. Bg5 Bxc3 13. bxc3 Nc6 14. Re1 Na5 15. g4 Bg6 16. Ne5 Bxd3 17. Qxd3 Re8 18.
Qf5 Rc8 19. Re3 Nc4 20. Nxc4 Rxc4 21. Bxf6 gxf6 22. Rae1 Rxe3 23. Rxe3 Rc6 24. Kg2 Qc8 25.
Qxd5 Rxc3 26. Re7 Qc6 27. Qxc6 Rxc6 28. Kf3 a5 29. d5 Rc2 30. Re2 Rc3+ 31. Re3 Rc2 32.
Ke4 Kf8 33. d6 Rd2 34. Rd3 Rxd3 35. Kxd3 Ke8 36. Kc4 Kd7 37. Kb5 Kxd6 38. Kxb6 a4 39. Kb5 a3 40. Kb4 Kd5 41. Kxa3 1-0

[Event "Late-Titled-Tuesday-Blitz-March-05-2024"]
[Site "Chess.com"]
[Date "2024.03.05"]
[Round "9"]
[White "GAO"]
[Black "ural58"]
[Result "1/2-1/2"]
[WhiteElo "2323"]
[BlackElo "2515"]
[TimeControl "180+1"]
[EndTime "15:39:56 PST"]
[Termination "Game drawn by repetition"]

1. Nf3 d5 2. b3 Bf5 3. Bb2 e6 4. g3 Nf6 5. Bg2 Be7 6. O-O O-O 7. Ne5 Nbd7 8. Nxd7 Qxd7 9. d3 a5 10. a3 c5 11. c4 a4 12. cxd5 exd5 13. bxa4 Qxa4 14.
Qxa4 Rxa4 15. Nc3 Ra7 16. Nxd5 Nxd5 17. Bxd5 b5 18. Rfb1 Be6 19. Bxe6 fxe6 20. Be5 Rb7 21. Rb3 Kf7 22. Rab1 b4 23. Rc1 Ra8 24. axb4 cxb4 25. Rc6 Ra2 26. Rb2 Rxb2 27. Bxb2 Ra7 28. Kf1 Ra2 29. Be5 g6 30. Rc7 Ke8 31. Rb7 h5 32.
e3 Rd2 33. d4 g5 34. h3 g4 35. hxg4 hxg4 36. Ke1 Ra2 37. Kf1 Rc2 38. Ke1 Ra2 39. Kf1 Rc2 40. Ke1 Ra2 1/2-1/2

[Event "Late-Titled-Tuesday-Blitz-March-05-2024"]
[Site "Chess.com"]
[Date "2024.03.05"]
[Round "9"]
[White "Abduzhaparov"]
[Black "bazar-wokzal"]
[Result "1-0"]
[WhiteElo "2466"]
[BlackElo "2552"]
[TimeControl "180+1"]
[EndTime "15:39:59 PST"]
[Termination "Abduzhaparov won by resignation"]

1. Nf3 c5 2. c4 g6 3. d4 Bg7 4.
e4 Qa5+ 5. Nc3 Nc6 6. dxc5 Bxc3+ 7. bxc3 Nf6 8. Be2 Nxe4 9. O-O Nxc3 10. Qe1 Nxe2+ 11. Qxe2 Qxc5 12. Be3 Qh5 13. Qb2 f6 14.
Rad1 d6 15. Rfe1 Bg4 16. Qxb7 Rc8 17. Nd4 Bd7 18. Nxc6 Rxc6 19. Bf4 Qc5 20. Bxd6 Rxd6 21. Qb8+ Kf7 22. Qxh8 Rxd1 23. Qxh7+ Kf8 24. Rxd1 Qxc4 25. Qh6+ Kf7 26. Rxd7 Ke6 27. Qd2 Qxa2 28. Qxa2+ 1-0

[Event "Late-Titled-Tuesday-Blitz-March-05-2024"]
[Site "Chess.com"]
[Date "2024.03.05"]
[Round "9"]
[White "Sjakkerntobi"]
[Black "ansko1999"]
[Result "0-1"]
[WhiteElo "2486"]
[BlackElo "2668"]
[TimeControl "180+1"]
[EndTime "15:40:01 PST"]
[Termination "ansko1999 won by resignation"]

1. e4 c5 2. Nf3 e6 3. d4 cxd4 4. Nxd4 Nc6 5. Nc3 Qc7 6. Be3 Nf6 7. f4 Bb4 8. e5 Nd5 9. Nb5 Qa5 10. a3 Bxc3+ 11.
bxc3 Nxe3 12. Qd6 Ne7 13. Qc5 Qb6 14. Qxb6 axb6 15. Kd2 Nxf1+ 16. Rhxf1 O-O 17. Nd6 Nf5 18. Nc4 b5 19. Nb2 d5 20. g4 Ne7 21. Nd3 Bd7 22. h4 Rfc8 23. Rfb1 Rc4 24. Rb4 Rxb4 25. cxb4 d4 26.
Nc1 Bc6 27. Ne2 Nd5 28. Kd3 Nxb4+ 0-1

[Event "Late-Titled-Tuesday-Blitz-March-05-2024"]
[Site "Chess.com"]
[Date "2024.03.05"]
[Round "9"]
[White "NateSolon"]
[Black "HajiyevKanan"]
[Result "1-0"]
[WhiteElo "2688"]
[BlackElo "2547"]
[TimeControl "180+1"]
[EndTime "15:40:02 PST"]
[Termination "NateSolon won by resignation"]

1. d4 d5 2. Bf4 c5 3. e3 cxd4 4. exd4 Nc6 5. Nf3 Nf6 6. Nbd2 Bg4 7. h3 Bh5 8. g4 Bg6 9. Bb5 Nd7 10. c4 a6 11. Ba4 Nb6 12. c5 Nxa4 13. Qxa4 Qd7 14.
Qb3 e6 15. O-O h5 16. Kg2 Be7 17. g5 h4 18. a3 Bf5 19. Qe3 e5 20. Nxe5 Nxe5 21.
Bxe5 Bxh3+ 22. Qxh3 Qb5 23. Rfe1 Kf8 24. Bxg7+ Kxg7 25. Rxe7 Qxb2 26. Qf5 h3+ 27. Kh2 Raf8 28. Qf6+ Kg8 29.
Rd1 Qc2 30. Qf3 Rh4 31. Nf1 Rf4 32.
Qxf4 Qxd1 33. Ne3 Qh5 34. Ng4 Qh4 35. Nf6+ Kg7 36. Qxh4 1-0

[Event "Late-Titled-Tuesday-Blitz-March-05-2024"]
[Site "Chess.com"]
[Date "2024.03.05"]
[Round "9"]
[White "tolimachess"]
[Black "laziestwin"]
[Result "1-0"]
[WhiteElo "2468"]
[BlackElo "2570"]
[TimeControl "180+1"]
[EndTime "15:40:02 PST"]
[Termination "tolimachess won by checkmate"]

1. e4 d6 2. d4 Nf6 3. Nc3 g6 4. Be3 Bg7 5. Qd2 Ng4 6. Bf4 e5 7. dxe5 dxe5 8. Qxd8+ Kxd8 9. Bg5+ f6 10. Bd2 c6 11. h3 Nh6 12. f4 Nf7 13. Nf3 Bh6 14. O-O-O Kc7 15. Bc4 Nd6 16. fxe5 Bxd2+ 17. Nxd2 fxe5 18.
Bb3 Nd7 19. Nf3 a5 20. a4 b6 21. Rd2 h6 22. Rhd1 Nb7 23. Be6 Nbc5 24. Bxd7 Nxd7 25.
Nh4 Nf8 26. Rf1 g5 27. Nf3 Ng6 28. Nh2 Be6 29. Rf6 Nf4 30. g3 Rhf8 31. Rxf8 Rxf8 32.
gxf4 gxf4 33. Nf3 Bxh3 34. Rh2 Bg4 35. Nxe5 h5 36. Nd1 f3 37. Nf2 Rf4 38. Rh4 Kd6 39.
Nexg4 hxg4 40. Rxg4 Ke5 41. Nd3+ Kxe4 42. Rxf4+ Ke3 43.
Rf6 f2 44. Rxf2 c5 45. Rf6 c4 46. Rxb6 cxd3 47. Re6+ Kd4 48. Rd6+ Kc4 49. Rxd3 Kb4 50. b3 Ka3 51. Rd4 Ka2 52. Kd2 Kb2 53. Rh4 Ka3 54.
Kc3 Ka2 55. Rh1 Ka3 56. Ra1# 1-0

[Event "Late-Titled-Tuesday-Blitz-March-05-2024"]
[Site "Chess.com"]
[Date "2024.03.05"]
[Round "9"]
[White "TheAlienParty"]
[Black "finec2"]
[Result "1-0"]
[WhiteElo "2399"]
[BlackElo "2226"]
[TimeControl "180+1"]
[EndTime "15:40:03 PST"]
[Termination "TheAlienParty won by resignation"]

1. c4 Nf6 2. Nc3 g6 3. e4 d6 4. d4 Bg7 5. h3 O-O 6. Bd3 Na6 7. Be3 e6 8. g4 c5 9. d5 exd5 10. cxd5 Nc7 11. Nge2 a6 12. a4 b6 13. Ng3 Bb7 14.
g5 Nd7 15. h4 Re8 16. h5 Ne5 17. hxg6 fxg6 18. f4 Nxd3+ 19. Qxd3 b5 20. axb5 axb5 21.
Rxa8 Bxa8 22. Nxb5 Nxb5 23. Qxb5 Bxd5 24. Qd3 Bc6 25. Kf2 Bxb2 26. Rd1 Bg7 27. Bxc5 Qa8 28. Qc4+ Kh8 29. Bd4 Bxe4 30. Bxg7+ Kxg7 31. Rxd6 Re7 32. Qd4+ Kf7 33. Qf6+ Kg8 34. Qxe7 Qa2+ 35. Ke3 Qb3+ 36. Kxe4 Qb4+ 37. Kf3 1-0

[Event "Late-Titled-Tuesday-Blitz-March-05-2024"]
[Site "Chess.com"]
[Date "2024.03.05"]
[Round "9"]
[White "ContrVersia"]
[Black "JoakimVonAnd"]
[Result "1-0"]
[WhiteElo "2868"]
[BlackElo "2707"]
[TimeControl "180+1"]
[EndTime "15:40:04 PST"]
[Termination "ContrVersia won on time"]

1. d4 d5 2. c4 e6 3. Nf3 Nf6 4. g3 Bb4+ 5. Bd2 Be7 6. Bg2 Nbd7 7. O-O c6 8. Qc2 b6 9. Bf4 Bb7 10. Nc3 O-O 11. e4 dxe4 12. Nxe4 c5 13. Nxf6+ Nxf6 14. Rad1 Be4 15. Qe2 Qc8 16. Ne5 Bxg2 17. Kxg2 cxd4 18. Rxd4 Qb7+ 19. Qf3 Qxf3+ 20. Kxf3 Rac8 21. b3 h6 22. Rfd1 Bc5 23. R4d3 Rfe8 24. g4 a5 25. h4 a4 26. g5 hxg5 27. hxg5 Nh5 28. Bc1 axb3 29. axb3 g6 30. Rd7 Ng7 31. Ng4 Kf8 32. Bb2 Re7 33.
Bf6 Rxd7 34. Rxd7 Nf5 35. Nh6 Nxh6 36. gxh6 Kg8 37. Kg3 Bf8 38. h7+ Kxh7 39. Rxf7+ Kg8 40. Rb7 Rc6 41. f4 Rd6 42. Kg4 Rc6 43. Kg5 Rd6 44.
Kxg6 Rc6 45. Rb8 1-0

[Event "Late-Titled-Tuesday-Blitz-March-05-2024"]
[Site "Chess.com"]
[Date "2024.03.05"]
[Round "9"]
[White "AndresDelgado77"]
[Black "DraningWaterHi"]
[Result "0-1"]
[WhiteElo "2288"]
[BlackElo "2208"]
[TimeControl "180+1"]
[EndTime "15:40:04 PST"]
[Termination "DraningWaterHi won on time"]

1. e4 c5 2. Nf3 a6 3. c3 d5 4.
exd5 Qxd5 5. d4 Nc6 6. Be2 Nf6 7. c4 Qe4 8. Nc3 Qg4 9. d5 Nd8 10. O-O e6 11. h3 Qf5 12. g4 Nxg4 13. hxg4 Qxg4+ 14. Kh1 Bd6 15. Nh2 Qh3 16. f4 O-O 17. Ne4 Bb8 18.
Bg4 Qh4 19. Ng5 h6 20. Nf3 Qf6 21. Bh3 b5 22. Ng4 Qe7 23. Rg1 Kh8 24. f5 exf5 25.
Nxh6 g6 26. Qd2 Qe4 27. Bg2 bxc4 28. b3 Bb7 29. Bb2+ f6 30. Qg5 Kg7 31. Rae1 Qf4 32. Re7+ Nf7 33. Qxf6+ Kxh6 34. Qg7+ Kh5 35. Qxf8 Nh6 0-1

[Event "Late-Titled-Tuesday-Blitz-March-05-2024"]
[Site "Chess.com"]
[Date "2024.03.05"]
[Round "9"]
[White "ThaBarWa"]
[Black "secretsuperstar7"]
[Result "0-1"]
[WhiteElo "2369"]
[BlackElo "2500"]
[TimeControl "180+1"]
[EndTime "15:40:09 PST"]
[Termination "secretsuperstar7 won by checkmate"]

1. e4 c5 2. Nc3 d6 3. f4 Nc6 4. Nf3 e5 5. Bc4 h6 6. O-O Nf6 7. d3 Be7 8. a4 O-O 9. f5 Nd4 10.
Be3 Rb8 11. a5 b5 12. axb6 axb6 13. Nd5 b5 14. Nxf6+ Bxf6 15. Bd5 Bb7 16. Bxb7 Rxb7 17. c3 Nc6 18. Qb3 c4 19. dxc4 Na5 20. Rxa5 Qxa5 21.
Rd1 Qa6 22. c5 dxc5 23. Bxc5 Rc8 24. Rd5 Rbc7 25. Bd6 Rd7 26. Bxe5 Rxd5 27. Qxd5 Rd8 28. Qb3 Qa1+ 29. Kf2 Bxe5 30. Nxe5 Rd2+ 31. Kg3 Qa7 32. Kh3 Qe3+ 33. g3 Qa7 34. c4 Qg1 35. cxb5 Qxh2+ 36. Kg4 h5+ 37. Kg5 Kh7 38. Qxf7 Qxg3+ 39. Kxh5 Rh2# 0-1

[Event "Late-Titled-Tuesday-Blitz-March-05-2024"]
[Site "Chess.com"]
[Date "2024.03.05"]
[Round "9"]
[White "Slovineanu"]
[Black "Zampronha1971"]
[Result "1-0"]
[WhiteElo "2479"]
[BlackElo "2331"]
[TimeControl "180+1"]
[EndTime "15:40:09 PST"]
[Termination "Slovineanu won by checkmate"]

1. d4 Nf6 2. Nf3 e6 3. c4 b6 4. e3 Bb7 5. Bd3 Be7 6. O-O O-O 7. b3 d5 8. Bb2 c5 9. Qe2 Nbd7 10. Nc3 a6 11.
Rad1 Qc8 12. Ne5 Rd8 13. f4 Ne4 14. f5 Nxc3 15. Bxc3 Nxe5 16. dxe5 dxc4 17. bxc4 Qc6 18.
f6 Bf8 19. fxg7 Bxg7 20. Rf4 Bh6 21. Rg4+ Kh8 22. Rf1 Rg8 23. Rxf7 Rg7 24. Rgxg7 Bxg7 25. Qg4 Rg8 26. Qh3 h6 27. Qxh6+ Bxh6 28. Rh7# 1-0

[Event "Late-Titled-Tuesday-Blitz-March-05-2024"]
[Site "Chess.com"]
[Date "2024.03.05"]
[Round "9"]
[White "Walter_White_Poland"]
[Black "Irishchessman16"]
[Result "0-1"]
[WhiteElo "2368"]
[BlackElo "2531"]
[TimeControl "180+1"]
[EndTime "15:40:14 PST"]
[Termination "Irishchessman16 won on time"]

1. e4 g6 2. d4 Bg7 3. Nc3 a6 4. a4 d6 5. h3 Nf6 6. Nf3 O-O 7. Be3 Nc6 8. Be2 e6 9. O-O b6 10. e5 Nd5 11. Nxd5 exd5 12. Bg5 f6 13. exf6 Bxf6 14.
Bh6 Bg7 15. Bxg7 Kxg7 16. Qd2 Bf5 17. c3 Ne7 18. Rae1 Ng8 19. g4 Bd7 20. Nh2 Qh4 21. Kg2 Nf6 22. Bd3 Ne4 23. Bxe4 dxe4 24. d5 Bxa4 25.
Rxe4 Bd7 26. f4 Qf6 27. Rfe1 Rae8 28. Nf3 Rxe4 29. Rxe4 Re8 30. Qe3 Rxe4 31. Qxe4 Qf7 32. Ng5 Qe8 33. Qxe8 Bxe8 34. Kf3 Bf7 35. Ke4 Bg8 36.
Kd4 Kf6 37. Ne4+ Ke7 38. Ng5 Kd7 39. Ne4 Ke7 40. Ng5 h6 41. Ne4 Bf7 42. Nd2 Kf6 43.
Ne4+ Ke7 44. Nd2 Be8 45. Ne4 Bd7 46. c4 h5 47. gxh5 gxh5 48. h4 Bg4 49. Ng5 Kf6 50. Ke4 Be2 51. Ne6 c5 52. Nc7 Bxc4 53. Ne8+ Ke7 54.
Ng7 Be2 55. Nf5+ Kd7 56. Ng3 Bg4 57. f5 a5 58. Kf4 b5 0-1

[Event "Late-Titled-Tuesday-Blitz-March-05-2024"]
[Site "Chess.com"]
[Date "2024.03.05"]
[Round "9"]
[White "Bykov_Egor"]
[Black "Fandorine"]
[Result "1-0"]
[WhiteElo "2632"]
[BlackElo "2897"]
[TimeControl "180+1"]
[EndTime "15:40:15 PST"]
[Termination "Bykov_Egor won by resignation"]

1. e4 e5 2. Nf3 Nc6 3. Bc4 Nf6 4. Ng5 d5 5. exd5 b5 6. Bf1 Nxd5 7. Bxb5 Bb7 8. d4 Be7 9. dxe5 Bxg5 10. Bxg5 Qxg5 11. Qxd5 O-O 12. O-O Nd8 13. f4 Qg4 14. Qd2 Ne6 15.
Qe2 Qh4 16. Qf2 Qh6 17. Nc3 Kh8 18. f5 Ng5 19. Bd3 Rae8 20. h4 Nh3+ 21. gxh3 Rxe5 22. Rae1 f6 23. Rxe5 fxe5 24. Be4 Bc8 25. Qg3 Qb6+ 26. Kh2 Qxb2 27. Qxe5 Qb4 28. Rg1 Rf6 29. Nd5 Qd2+ 30.
Rg2 1-0

[Event "Late-Titled-Tuesday-Blitz-March-05-2024"]
[Site "Chess.com"]
[Date "2024.03.05"]
[Round "9"]
[White "Charodej1"]
[Black "vladoboch"]
[Result "0-1"]
[WhiteElo "2326"]
[BlackElo "2443"]
[TimeControl "180+1"]
[EndTime "15:40:17 PST"]
[Termination "vladoboch won by resignation"]

1. c4 e5 2. Nc3 Nf6 3. e3 d5 4. d4 exd4 5. Qxd4 Nc6 6. Qd1 d4 7. exd4 Nxd4 8. Be3 Bc5 9. Nge2 Nxe2 10. Qxd8+ Kxd8 11.
Kxe2 Bxe3 12. Kxe3 Re8+ 13. Kf3 c6 14. Rd1+ Kc7 15. h3 Bf5 16. Bd3 Be6 17. b3 Rad8 18. Rhe1 g5 19. Ne4 g4+ 20. Kg3 Nxe4+ 21. Bxe4 Rxd1 22.
Rxd1 gxh3 23. gxh3 Bxh3 24. Bxh7 Bd7 25. Bd3 Kb6 26.
b4 c5 27. a3 a5 28. bxa5+ Kxa5 29. Bc2 Bc6 30. Rd2 Rg8+ 31. Kf4 Rh8 32. Ke5 Rh3 33. Kf6 Rf3+ 34. Ke7 f5 35. Kf6 f4 36. Ke5 Rxa3 37. Kxf4 Kb4 38. Bd3 Kc3 39. Rd1 Ba4 40.
Rb1 Kxd3 41. Rxb7 Kxc4 0-1

[Event "Late-Titled-Tuesday-Blitz-March-05-2024"]
[Site "Chess.com"]
[Date "2024.03.05"]
[Round "9"]
[White "bancsoo"]
[Black "mac0504"]
[Result "1-0"]
[WhiteElo "2887"]
[BlackElo "2720"]
[TimeControl "180+1"]
[EndTime "15:40:19 PST"]
[Termination "bancsoo won on time"]

1. Nf3 Nf6 2. d4 g6 3. g3 Bg7 4. Bg2 O-O 5. O-O d6 6. c4 Nc6 7. Nc3 Bg4 8. d5 Bxf3 9. exf3 Na5 10. b3 c5 11. Bb2 a6 12. f4 Rb8 13. a4 Qb6 14.
Ra3 Rfe8 15. Qc2 e6 16. dxe6 Rxe6 17. Nd5 Nxd5 18. Bxd5 Re7 19. Bxg7 Kxg7 20. Qc3+ f6 21. Raa1 Qb4 22. Qxb4 cxb4 23. Rab1 Rbe8 24. Bf3 b5 25. cxb5 axb5 26. axb5 Rb8 27. Rfd1 Rxb5 28. Rxd6 Rc5 29.
Bd5 Rc2 30. Ra6 Rc5 31. Rd6 Rc2 32. Ra1 Rc5 33. Kg2 f5 34. h4 Re2 35. h5 Rcc2 36. Rxa5 Rxf2+ 37. Kg1 Rfd2 38. Ra1 1-0

[Event "Late-Titled-Tuesday-Blitz-March-05-2024"]
[Site "Chess.com"]
[Date "2024.03.05"]
[Round "9"]
[White "chess94cu"]
[Black "thesupera12"]
[Result "1-0"]
[WhiteElo "2636"]
[BlackElo "2476"]
[TimeControl "180+1"]
[EndTime "15:40:19 PST"]
[Termination "chess94cu won by resignation"]

1. Nf3 Nf6 2. c4 d5 3. d4 g6 4. cxd5 Nxd5 5. e4 Nb6 6. Nc3 Bg7 7. Be2 O-O 8. O-O Bg4 9. Be3 Nc6 10. d5 Ne5 11. Nxe5 Bxe2 12. Qxe2 Bxe5 13. f4 Bg7 14. Rfd1 Qc8 15. Rac1 c6 16. e5 Rd8 17. a4 cxd5 18. a5 d4 19. axb6 dxe3 20. Nd5 Qe6 21. Nc7 Qxb6 22. Nxa8 Rxa8 23. Rc3 g5 24. Qxe3 Qxb2 25.
fxg5 Qb5 26. Rc5 Qa4 27. Rcd5 Qg4 28. h3 Qe6 29. Rd8+ Rxd8 30. Rxd8+ Bf8 31. Qxa7 Qxe5 32.
Qb8 Qxb8 33. Rxb8 e6 34. Rxb7 Kg7 35. Kf2 Bd6 36. Kf3 Kg6 37. Kg4 Bf8 38. h4 h5+ 39. gxh6 Bxh6 40. Rb6 f5+ 41. Kf3 Kf6 42.
g4 fxg4+ 43. Kxg4 Ke5 44. Kh5 Bg7 45. Kg6 Bf8 46. h5 Kd5 47. Rb8 Bc5 48. Rb5 Kc4 49.
Rxc5+ 1-0

[Event "Late-Titled-Tuesday-Blitz-March-05-2024"]
[Site "Chess.com"]
[Date "2024.03.05"]
[Round "9"]
[White "rionelG"]
[Black "morte-negra"]
[Result "0-1"]
[WhiteElo "2205"]
[BlackElo "2073"]
[TimeControl "180+1"]
[EndTime "15:40:22 PST"]
[Termination "morte-negra won on time"]

1. e4 c5 2. Nf3 d6 3. d4 cxd4 4.
Nxd4 Nf6 5. Nc3 a6 6. Bg5 e6 7. f4 Be7 8. Qe2 Qc7 9. O-O-O b5 10. a3 O-O 11. g4 Nbd7 12. Bxf6 Bxf6 13. g5 Bxd4 14. Rxd4 Bb7 15. Bg2 Nc5 16. Rhd1 Rfd8 17.
h4 Rac8 18. h5 d5 19. exd5 Bxd5 20. Bxd5 exd5 21. Kb1 Ne6 22. Rxd5 Nxf4 23. Rxd8+ Rxd8 24. Rxd8+ Qxd8 25. Qg4 Ne6 26. g6 Qg5 27. gxf7+ Kxf7 28. Qf3+ Qf4 29. Qb7+ Nc7 30. b3 Ke8 31. Qc8+ Ke7 32. Qg8 Qf6 33. Kb2 b4 34. axb4 Nb5 35. Qc4 g5 36. hxg6 hxg6 37. Qxb5 axb5 0-1

[Event "Late-Titled-Tuesday-Blitz-March-05-2024"]
[Site "Chess.com"]
[Date "2024.03.05"]
[Round "9"]
[White "TheMagician"]
[Black "dimoni64"]
[Result "1/2-1/2"]
[WhiteElo "2206"]
[BlackElo "1980"]
[TimeControl "180+1"]
[EndTime "15:40:23 PST"]
[Termination "Game drawn by repetition"]

1. e4 c5 2. Nf3 d6 3. d4 cxd4 4. Nxd4 Nf6 5. Nc3 a6 6. Bg5 e6 7.
f4 Nc6 8. Nxc6 bxc6 9. e5 h6 10. Bh4 g5 11. Bg3 Nd5 12. Nxd5 cxd5 13. fxg5 Qxg5 14. exd6 Qe3+ 15. Qe2 Qxe2+ 16. Bxe2 Kd7 17. c4 Bb7 18. c5 Bc6 19. b4 Bg7 20. Rb1 Rhb8 21.
Kd2 Bb5 22. Rhf1 f5 23. Bd3 Bxd3 24. a3 Bxf1 25. Rxf1 a5 26. Rb1 axb4 27. axb4 Rb5 28. Kc2 Ra4 29. Re1 Raxb4 30. c6+ Kxc6 31. Rxe6 Rb2+ 32.
Kc1 Ra5 33. Be5 Ra1+ 34. Kxb2 Bxe5+ 35. Rxe5 Rg1 36. d7 Rxg2+ 37. Kc3 Kxd7 38. Rxf5 Ke6 39. Rh5 Rg6 40. h3 Rf6 41. Kd3 Kd6 42. Kd4 Rf4+ 43. Ke3 Rf6 44. Kd4 Rf4+ 45. Ke3 Re4+ 46. Kd3 Re6 47.
Kd4 Re4+ 48. Kd3 Re6 49. Kd4 Re4+ 50. Kd3 1/2-1/2

[Event "Late-Titled-Tuesday-Blitz-March-05-2024"]
[Site "Chess.com"]
[Date "2024.03.05"]
[Round "9"]
[White "SergioMoralesG"]
[Black "kalxandria"]
[Result "1-0"]
[WhiteElo "2449"]
[BlackElo "2171"]
[TimeControl "180+1"]
[EndTime "15:40:24 PST"]
[Termination "SergioMoralesG won on time"]

1. d4 Nf6 2. c4 g6 3. Nc3 Bg7 4.
e4 d6 5. Nf3 O-O 6. Be2 e5 7.
Be3 Nbd7 8. O-O c6 9. b4 Re8 10. dxe5 dxe5 11. c5 Qc7 12. Nd2 Nf8 13.
Nc4 Ne6 14. Qd6 Bd7 15. Qxc7 Nxc7 16. Nd6 Re7 17. Nxb7 Rb8 18. Na5 Rxb4 19. Rab1 Rxb1 20.
Rxb1 Re8 21. Rb7 Ne6 22. Rxa7 Nd4 23. Bc4 Be6 24. Bxe6 Rxe6 25. Nc4 Ne8 26. a4 Bf8 27. Ra5 Kg7 28. f4 exf4 29. Bxd4+ f6 30. Ra7+ Kh6 31. a5 f5 32. e5 Bg7 33. a6 1-0

[Event "Late-Titled-Tuesday-Blitz-March-05-2024"]
[Site "Chess.com"]
[Date "2024.03.05"]
[Round "9"]
[White "TokChess"]
[Black "giomar27"]
[Result "0-1"]
[WhiteElo "2528"]
[BlackElo "2438"]
[TimeControl "180+1"]
[EndTime "15:40:25 PST"]
[Termination "giomar27 won on time"]

1. c4 d6 2. b3 e5 3. Bb2 f5 4. e3 g6 5. d4 e4 6. d5 Nf6 7.
Nc3 Bg7 8. Nge2 O-O 9. Nd4 a5 10. a3 Na6 11. Qc2 Bd7 12. Rd1 Qe7 13. Be2 h5 14. h4 Ng4 15. g3 Ne5 16. Kd2 Nc5 17.
Kc1 Ncd3+ 18. Bxd3 Nxd3+ 19. Rxd3 exd3 20. Qxd3 Rae8 21. Rd1 c6 22. dxc6 bxc6 23. Nce2 Rb8 24. Nf4 Qf6 25. Rd2 Qf7 26. Nf3 Bxb2+ 27. Rxb2 Qf6 28.
Qd4 Qxd4 29. Nxd4 Kf7 30. Kc2 c5 31. Nde2 Bc6 32. a4 Be4+ 33. Kc3 Rb4 34. Rd2 Rfb8 35. Nc1 R4b6 36. Nh3 Kf6 37. Ng5 Ba8 38. Rd1 Ke5 39. Nf7+ Ke6 40. Ng5+ Kf6 41. Rd3 Rd8 42. Nh7+ Ke7 43.
Ne2 d5 44. Nf4 d4+ 45. exd4 cxd4+ 46. Kd2 Be4 0-1

[Event "Late-Titled-Tuesday-Blitz-March-05-2024"]
[Site "Chess.com"]
[Date "2024.03.05"]
[Round "9"]
[White "BeanScreen"]
[Black "MathiasWomacka"]
[Result "1-0"]
[WhiteElo "2713"]
[BlackElo "2548"]
[TimeControl "180+1"]
[EndTime "15:40:26 PST"]
[Termination "BeanScreen won by resignation"]

1. e4 c5 2. c3 d5 3. exd5 Qxd5 4. d4 Nf6 5. Nf3 e6 6. Na3 Nc6 7. Be3 cxd4 8. Nb5 Qd7 9. Nbxd4 Nd5 10. Nxc6 bxc6 11.
Bd2 Bd6 12. c4 Nf4 13. Qc2 O-O 14. O-O-O Qc7 15. c5 Be7 16. Bc3 f6 17. h4 e5 18.
Bc4+ Be6 19. Bxe6+ Nxe6 20. Qb3 Qc8 21. h5 Rf7 22. h6 g6 23. Qc4 Nxc5 24. Bb4 Qe6 25. Qxe6 Nxe6 26. Bxe7 Rxe7 27. Rd6 Rc8 28. Rhd1 Kf7 29.
Nd2 g5 30. Nc4 Kg6 31. Rd7 Rc7 32. Rxe7 Rxe7 33. Rd6 Nd4 34. Ne3 Kxh6 35. Rxd4 exd4 36.
Nf5+ Kh5 37. Nxe7 Kg4 38. Nxc6 h5 39. Nxd4 h4 40. Kd2 h3 41. gxh3+ Kxh3 42. b4 Kg2 43.
Ke2 g4 44. a4 g3 45. fxg3 Kxg3 46. Ke3 Kg4 47. Ke4 f5+ 48. Nxf5 1-0